BSA
ST CHARLES SHEENS @ AUSTIN RIVER SHARKS
08/01/2026
 
TOP OF THE 1ST
St Charles Sheens batting - Pitching for Austin River Sharks : RHP Troy Lynn
Pitching: RHP Troy Lynn
Batting: LHB Gene Cooper 0-0: Ball
1-0: Swinging Strike
1-1: Foul Ball, location: 2F
1-2: Strikes out swinging
Batting: RHB Dan Tyler 0-0: Foul Ball, location: 2F
0-1: Fly out, F8 (Flyball, 8LD)
Batting: LHB Jason Lambert 0-0: Called Strike
0-1: Ball
1-1: Foul Ball, location: 2F
1-2: Ball
2-2: Ground out 6-3 (Groundball, 6M)
Top of the 1st over - 0 run(s), 0 hit(s), 0 error(s), 0 left on base; St Charles 0 - Austin 0
BOTTOM OF THE 1ST
Austin River Sharks batting - Pitching for St Charles Sheens : RHP Bob Moss
Pitching: RHP Bob Moss
Batting: LHB Bruno Lalonde 0-0: Ball
1-0: Ball
2-0: Foul Ball, location: 2F
2-1: Foul Ball, location: 2F
2-2: SINGLE (Groundball, 3D)
Batting: RHB Tyler Wagner 0-0: Foul Ball, location: 2F
0-1: Ball
1-1: Ball
2-1: Grounds into double play, 5-4-3 (Groundball, 56)
Batting: SHB Juan Castro 0-0: Fly out, F9 (Flyball, 9D)
Bottom of the 1st over - 0 run(s), 1 hit(s), 0 error(s), 0 left on base; St Charles 0 - Austin 0
TOP OF THE 2ND
St Charles Sheens batting - Pitching for Austin River Sharks : RHP Troy Lynn
Batting: RHB Judson Backstrom 0-0: Called Strike
0-1: Ball
1-1: SINGLE (Groundball, 13) (infield hit)
Batting: LHB Juan Jose Rojas 0-0: Ground out U3 (Groundball, 3S)
Judson Backstrom to second
Batting: LHB Stan Bates 0-0: SINGLE (Groundball, 34D)
Judson Backstrom to third
Batting: RHB Guillermo Sánchez 0-0: Ball
1-0: Fly out, F4 (Popup, 34D)
Batting: RHB Max Rash 0-0: Swinging Strike
0-1: Ball
1-1: Foul Ball, location: 2F
1-2: Foul Ball, location: 2F
1-2: Fly out, F9 (Flyball, 9D)
Top of the 2nd over - 0 run(s), 2 hit(s), 0 error(s), 2 left on base; St Charles 0 - Austin 0
BOTTOM OF THE 2ND
Austin River Sharks batting - Pitching for St Charles Sheens : RHP Bob Moss
Batting: LHB Pedro Zaragoza 0-0: Ball
1-0: Ball
2-0: Called Strike
2-1: Ball
3-1: Foul Ball, location: 2F
3-2: Base on Balls
Batting: LHB Terry Maloney 0-0: Called Strike
0-1: Ball
1-1: Called Strike
1-2: Ball
2-2: SINGLE (Groundball, 4MD) (infield hit)
Pedro Zaragoza to second
Batting: RHB Cristián Peña 0-0: Called Strike
0-1: Ball
1-1: Ball
2-1: Fly out, F8 (Flyball, 8LD)
Runner from 2nd tags up, SAFE at 3rd, no throw
Batting: SHB John Miller 0-0: Called Strike
0-1: Swinging Strike
0-2: Ball
1-2: Ball
2-2: Ball
3-2: Fielders Choice at 2nd, 1-6 (Groundball, 13S)
Batting: RHB Orlando Bruno 0-0: Foul Ball, location: 2F
0-1: Foul Ball, location: 2F
0-2: Ball
1-2: Strikes out looking
Bottom of the 2nd over - 0 run(s), 1 hit(s), 0 error(s), 2 left on base; St Charles 0 - Austin 0
TOP OF THE 3RD
St Charles Sheens batting - Pitching for Austin River Sharks : RHP Troy Lynn
Batting: SHB Theron Harper 0-0: Ball
1-0: Foul Ball, location: 2F
1-1: Bunt for hit - play at first, batter OUT! 1-3
Batting: LHB Gene Cooper 0-0: Foul Ball, location: 2F
0-1: SINGLE (Groundball, 15S) (infield hit)
Batting: RHB Dan Tyler 0-0: Called Strike
0-1: Swinging Strike
0-2: Strikes out swinging
Batting: LHB Jason Lambert 0-0: Foul Ball, location: 2F
0-1: Foul Ball, location: 2F
0-2: Strikes out swinging
Top of the 3rd over - 0 run(s), 1 hit(s), 0 error(s), 1 left on base; St Charles 0 - Austin 0
BOTTOM OF THE 3RD
Austin River Sharks batting - Pitching for St Charles Sheens : RHP Bob Moss
Batting: RHB Carlos Pérez 0-0: Called Strike
0-1: Ball
1-1: Foul Ball, location: 2F
1-2: Ball
2-2: Ball
3-2: Foul Ball, location: 2F
3-2: Fly out, F8 (Line Drive, 8RS)
Batting: LHB Bruno Lalonde 0-0: Ball
1-0: Ball
2-0: Called Strike
2-1: Fly out, F6 (Popup, 56D)
Batting: RHB Tyler Wagner 0-0: Ball
1-0: SINGLE (Line Drive, 89S)
Batting: SHB Juan Castro 0-0: Called Strike
0-1: Ball
1-1: Foul Ball, location: 2F
1-2: Foul Ball, location: 2F
1-2: Strikes out swinging
Bottom of the 3rd over - 0 run(s), 1 hit(s), 0 error(s), 1 left on base; St Charles 0 - Austin 0
TOP OF THE 4TH
St Charles Sheens batting - Pitching for Austin River Sharks : RHP Troy Lynn
Batting: RHB Judson Backstrom 0-0: Called Strike
0-1: Reached on error, E4 (Groundball, 4)
Batting: LHB Juan Jose Rojas 0-0: Ball
1-0: Fly out, F5 (Popup, 5SF)
Batting: LHB Stan Bates 0-0: Ball
1-0: Ball
2-0: SINGLE (Line Drive, 9LS)
Judson Backstrom to second
Batting: RHB Guillermo Sánchez 0-0: Foul Ball, location: 2F
0-1: Ball
1-1: Swinging Strike
1-2: Foul Ball, location: 2F
1-2: Ball
2-2: Strikes out looking
Batting: RHB Max Rash 0-0: Ball
1-0: Foul Ball, location: 2F
1-1: Called Strike
1-2: Strikes out swinging
Top of the 4th over - 0 run(s), 1 hit(s), 1 error(s), 2 left on base; St Charles 0 - Austin 0
BOTTOM OF THE 4TH
Austin River Sharks batting - Pitching for St Charles Sheens : RHP Bob Moss
Batting: LHB Pedro Zaragoza 0-0: Called Strike
0-1: Swinging Strike
0-2: Ball
1-2: Fly out, F7 (Flyball, 78M)
Batting: LHB Terry Maloney 0-0: Called Strike
0-1: Swinging Strike
0-2: Foul Ball, location: 2F
0-2: Ball
1-2: Ball
2-2: Foul Ball, location: 2F
2-2: Ball
3-2: Ground out 4-3 (Groundball, 34)
Batting: RHB Cristián Peña 0-0: Ground out 6-3 (Groundball, 6M)
Bottom of the 4th over - 0 run(s), 0 hit(s), 0 error(s), 0 left on base; St Charles 0 - Austin 0
TOP OF THE 5TH
St Charles Sheens batting - Pitching for Austin River Sharks : RHP Troy Lynn
Batting: SHB Theron Harper 0-0: Bunt for hit - play at first, batter OUT! 1-3
Batting: LHB Gene Cooper 0-0: Ball
1-0: Ball
2-0: Swinging Strike
2-1: Reached on error, E1 (Groundball, 13)
Batting: RHB Dan Tyler 0-0: Fly out, F8 (Flyball, 8RM)
Batting: LHB Jason Lambert 0-0: Called Strike
0-1: Ground out 4-3 (Groundball, 4)
Top of the 5th over - 0 run(s), 0 hit(s), 1 error(s), 1 left on base; St Charles 0 - Austin 0
BOTTOM OF THE 5TH
Austin River Sharks batting - Pitching for St Charles Sheens : RHP Bob Moss
Batting: SHB John Miller 0-0: TRIPLE (Flyball, 8RXD)
Batting: RHB Orlando Bruno 0-0: Ball
1-0: Called Strike
1-1: Called Strike
1-2: Foul Ball, location: 2F
1-2: Ball
2-2: DOUBLE (Line Drive, 5D)
John Miller scores
Batting: RHB Carlos Pérez 0-0: Called Strike
Orlando Bruno steals 3rd base
0-1: Ball
1-1: Fly out, F8 (Flyball, 8RM)
Runner from 3rd tags up, SCORES, no throw
Batting: LHB Bruno Lalonde 0-0: Swinging Strike
0-1: Swinging Strike
0-2: Ball
1-2: SINGLE (Groundball, 13S) (infield hit)
Batting: RHB Tyler Wagner 0-0: Grounds into double play, 5-4-3 (Groundball, 5)
Bottom of the 5th over - 2 run(s), 3 hit(s), 0 error(s), 0 left on base; St Charles 0 - Austin 2
TOP OF THE 6TH
St Charles Sheens batting - Pitching for Austin River Sharks : RHP Troy Lynn
Batting: RHB Judson Backstrom 0-0: Ball
1-0: Swinging Strike
1-1: Ground out 3-1 (Groundball, 34S)
Batting: LHB Juan Jose Rojas 0-0: Ball
1-0: Ball
2-0: Ball
3-0: Called Strike
3-1: Foul Ball, location: 2F
3-2: Base on Balls
Batting: LHB Stan Bates 0-0: Foul Ball, location: 2F
0-1: Foul Ball, location: 2F
0-2: Ball
1-2: Grounds into double play, 6-4-3 (Groundball, 6M)
Top of the 6th over - 0 run(s), 0 hit(s), 0 error(s), 0 left on base; St Charles 0 - Austin 2
BOTTOM OF THE 6TH
Austin River Sharks batting - Pitching for St Charles Sheens : RHP Bob Moss
Batting: SHB Juan Castro 0-0: Foul Ball, location: 2F
0-1: Foul Ball, location: 2F
0-2: Ball
1-2: DOUBLE (Flyball, 7LD)
Batting: LHB Pedro Zaragoza 0-0: Called Strike
0-1: Ball
1-1: Called Strike
1-2: Strikes out swinging
Batting: LHB Terry Maloney 0-0: Intentional Walk
Batting: RHB Cristián Peña 0-0: Ball
1-0: Ball
2-0: Called Strike
2-1: Ball
3-1: Foul Ball, location: 2F
3-2: SINGLE (Line Drive, 7S)
Juan Castro to third
Terry Maloney to second
Pitching: RHP Álex Villegas
Batting: SHB John Miller 0-0: Called Strike
0-1: Called Strike
0-2: Grounds into double play, 4-6-3 (Groundball, 4)
Bottom of the 6th over - 0 run(s), 2 hit(s), 0 error(s), 2 left on base; St Charles 0 - Austin 2
TOP OF THE 7TH
St Charles Sheens batting - Pitching for Austin River Sharks : RHP Troy Lynn
Batting: RHB Guillermo Sánchez 0-0: Foul Ball, location: 2F
0-1: Called Strike
0-2: Foul Ball, location: 2F
0-2: Ground out 5-3 (Groundball, 15S)
Batting: RHB Max Rash 0-0: Swinging Strike
0-1: Ball
1-1: Ball
2-1: SOLO HOME RUN (Flyball, 7D), Distance : 408 ft
Batting: SHB Theron Harper 0-0: Foul Ball, location: 2F
0-1: Fly out, F6 (Line Drive, 6)
Batting: LHB Gene Cooper 0-0: Swinging Strike
0-1: Ball
1-1: SINGLE (Line Drive, 4M)
Batting: RHB Dan Tyler 0-0: Called Strike
0-1: Foul Ball, location: 2F
0-2: Ball
1-2: Foul Ball, location: 2F
1-2: Ball
2-2: SINGLE (Groundball, 5L)
Gene Cooper to second
Batting: LHB Jason Lambert 0-0: Called Strike
0-1: Ball
1-1: DOUBLE (Flyball, 7LS)
Gene Cooper scores
Dan Tyler to third
Runner from 3rd tries for Home, SAFE, no throw or cutoff
Batting: RHB Judson Backstrom 0-0: Foul Ball, location: 2F
0-1: Ball
1-1: Ball
2-1: Ground out 4-3 (Groundball, 4M)
Top of the 7th over - 3 run(s), 4 hit(s), 0 error(s), 1 left on base; St Charles 3 - Austin 2
BOTTOM OF THE 7TH
Austin River Sharks batting - Pitching for St Charles Sheens : RHP Álex Villegas
Batting: RHB Orlando Bruno 0-0: Called Strike
0-1: Called Strike
0-2: Ball
1-2: Strikes out swinging
Batting: RHB Carlos Pérez 0-0: Called Strike
0-1: Ball
1-1: Ground out 6-3 (Groundball, 6)
Pitching: LHP Rubén Martínez
Batting: LHB Bruno Lalonde 0-0: Ball
1-0: Ball
2-0: Ball
3-0: Base on Balls
Pitching: RHP Jeff Lynn
Batting: RHB Tyler Wagner 0-0: Called Strike
0-1: Ball
1-1: Ball
2-1: Ball
3-1: Ground out 5-3 (Groundball, 56S)
Bottom of the 7th over - 0 run(s), 0 hit(s), 0 error(s), 1 left on base; St Charles 3 - Austin 2
TOP OF THE 8TH
St Charles Sheens batting - Pitching for Austin River Sharks : RHP Troy Lynn
Pitching: RHP Ramón Estrada
Batting: LHB Juan Jose Rojas 0-0: Fly out, F6 (Popup, 5L)
Batting: LHB Stan Bates 0-0: Ball
1-0: Foul Ball, location: 2F
1-1: Ball
2-1: Ground out 4-3 (Groundball, 4)
Batting: RHB Guillermo Sánchez 0-0: Fly out, F9 (Flyball, 89S)
Top of the 8th over - 0 run(s), 0 hit(s), 0 error(s), 0 left on base; St Charles 3 - Austin 2
BOTTOM OF THE 8TH
Austin River Sharks batting - Pitching for St Charles Sheens : RHP Jeff Lynn
Batting: SHB Juan Castro 0-0: Fly out, F7 (Popup, 5D)
Pitching: LHP Shan Liu
Batting: LHB Pedro Zaragoza 0-0: Ball
1-0: Ball
2-0: SINGLE (Groundball, 13) (infield hit)
Pitching: RHP Juan Rivera
Batting: LHB Terry Maloney 0-0: Called Strike
0-1: Ball
1-1: Swinging Strike
1-2: Ball
2-2: Strikes out looking
Batting: RHB Cristián Peña 0-0: Ball
1-0: Ball
2-0: Ground out 6-3 (Groundball, 56)
Bottom of the 8th over - 0 run(s), 1 hit(s), 0 error(s), 1 left on base; St Charles 3 - Austin 2
TOP OF THE 9TH
St Charles Sheens batting - Pitching for Austin River Sharks : RHP Ramón Estrada
Batting: RHB Max Rash 0-0: Ball
1-0: Ball
2-0: Ground out 4-3 (Groundball, 4M)
Batting: SHB Theron Harper 0-0: Ball
1-0: SINGLE (Line Drive, 4MD)
Batting: LHB Gene Cooper 0-0: Called Strike
0-1: SINGLE (Line Drive, 34D)
Theron Harper to second
Batting: RHB Dan Tyler 0-0: Called Strike
0-1: Ball
1-1: Called Strike
1-2: Ball
2-2: Ball
3-2: Ground out 5-3 (Groundball, 56S)
Theron Harper to third
Gene Cooper to second
Batting: LHB Jason Lambert 0-0: Ball
1-0: Ball
2-0: Fly out, F8 (Line Drive, 8LXD)
Top of the 9th over - 0 run(s), 2 hit(s), 0 error(s), 2 left on base; St Charles 3 - Austin 2
BOTTOM OF THE 9TH
Austin River Sharks batting - Pitching for St Charles Sheens : RHP Juan Rivera
Pitching: RHP Ulric Duval
Now at 3B: Richard Bowman
Batting: SHB John Miller 0-0: SINGLE (Groundball, 34D)
Batting: RHB Orlando Bruno 0-0: Ball
1-0: Sac Bunt - play at first, batter OUT! 5-4
John Miller to second
Batting: RHB Carlos Pérez 0-0: Ball
1-0: Ball
2-0: Fly out, F9 (Flyball, 89M)
Runner from 2nd tags up, SAFE at 3rd with throw
Batting: LHB Bruno Lalonde 0-0: Ball
1-0: DOUBLE (Flyball, 78D)
John Miller scores
Batting: RHB Tyler Wagner 0-0: Called Strike
0-1: SINGLE (Line Drive, 34)
Bruno Lalonde to third
Runner from 3rd tries for Home, SAFE, no throw or cutoff
Monday, December 5th, 2016 - OOTP Baseball 17.12 Build 75